 Dungeon Crawl Stone Soup version 0.28.0-45-g0d030f2227 (webtiles) character file.

Game seed: 1666958029418555812

22862 Peloso the Carver (level 12, -19/106 (108) HPs)
             Began as a Minotaur Fighter on Apr 5, 2022.
             Was a High Priest of Okawaru.
             Demolished by Rupert
             ... wielding a +1 triple sword of electrocution
              (39 damage)
             ... on level 2 of the Orcish Mines.
             The game lasted 00:27:36 (20330 turns).

Peloso the Carver (Minotaur Fighter)               Turns: 20330, Time: 00:27:36

HP:   -19/106 (108) AC: 19    Str: 29    XL:     12   Next: 66%
MP:   11/12         EV: 12    Int:  3    God:    Okawaru [*****.]
Gold: 1170          SH: 13    Dex: 13    Spells: 11/11 levels left

rFire   + . .      SeeInvis .   a - +0 long sword
rCold   + . .      Faith    .   c - +0 buckler
rNeg    . . .      Spirit   .   C - +1 plate armour {rPois}
rPois   +          Reflect  +   (helmet restricted)
rElec   .          Harm     .   p - scarf {rC+ rF+}
rCorr   .          Rampage  .   (no gloves)
Will    .....                   (no boots)
Stlth   ..........              t - amulet of reflection
HPRegen 0.27/turn               k - +6 ring of strength
MPRegen 0.13/turn               (no ring)

@: mighty, heroic, lightly drained
A: horns 2, retaliatory headbutt, dopey 1, mutation resistance 1
a: Renounce Religion, Heroism, Finesse, Duel


You were on level 2 of the Orcish Mines.
You worshipped Okawaru.
Okawaru was extremely pleased with you.
You visited 4 branches of the dungeon, and saw 18 of its levels.

You collected 1170 gold pieces.

Inventory:

Hand Weapons
 a - a +0 long sword (weapon)
Missiles
 F - 4 throwing nets (quivered)
Armour
 b - a +0 scale mail
 c - a +0 buckler (worn)
 p - a scarf of resistance (worn)
 C - a +1 plate armour of poison resistance (worn)
Jewellery
 g - an amulet of the acrobat
 k - a +6 ring of strength (left hand)
 t - an amulet of reflection (around neck)
Wands
 q - a wand of iceblast (18)
 v - a wand of polymorph (10)
 w - a wand of flame (23)
 B - a wand of paralysis (4)
 I - a wand of mindburst (8)
Scrolls
 i - a scroll of noise
 j - 8 scrolls of identify
 l - 2 scrolls of fog
 n - 2 scrolls of magic mapping
 x - 3 scrolls of enchant weapon
 y - a scroll of fear
 D - a scroll of enchant armour {unknown}
 G - 2 scrolls of immolation
 J - a scroll of acquirement
Potions
 d - 2 potions of might
 e - 3 potions of haste
 f - 3 potions of berserk rage
 h - a potion of flight
 m - 4 potions of heal wounds
 o - a potion of ambrosia
 r - 5 potions of curing
 s - a potion of brilliance
 u - a potion of lignification {unknown}
 z - 2 potions of mutation
 A - a potion of magic


   Skills:
 + Level 10.8(15.8) Fighting
 + Level 14.3(19.3) Long Blades
 + Level 13.1(18.1) Armour
 + Level 4.4(9.4) Dodging
 + Level 1.6(6.6) Stealth
 + Level 12.9(17.9) Shields
 + Level 1.7 Invocations
 + Level 1.1 Evocations


You had 11 spell levels left.
You didn't know any spells.
Your spell library contained the following spells:

 Spells                   Type           Power      Damage    Failure   Level
 Beastly Appendage        Tmut           0%         N/A       97%         1
 Sublimation of Blood     Necr           0%         N/A       99%         2
 Wereblood                Tmut           0%         N/A       99%         2
 Frozen Ramparts          Ice            0%         1d2       100%        3
 Ignite Poison            Fire/Tmut/Pois 0%         N/A       100%        3
 Mephitic Cloud           Conj/Pois/Air  0%         N/A       100%        3
 Spider Form              Tmut/Pois      0%         N/A       100%        3
 Airstrike                Air            0%         N/A       100%        4
 Fulminant Prism          Conj/Hex       0%         3d6       100%        4
 Ice Form                 Ice/Tmut       0%         N/A       100%        4
 Iskenderun's Mystic Bla  Conj/Tloc      0%         2d3       100%        4
 Petrify                  Tmut/Erth      0%         N/A       100%        4
 Freezing Cloud           Conj/Ice/Air   0%         6-21      100%        5
 Irradiate                Conj/Tmut      0%         3d13      100%        5
 Lee's Rapid Deconstruct  Erth           0%         3d5*      100%        5
 Lightning Bolt           Conj/Air       0%         1d11      100%        5
 Summon Small Mammal      Summ           Unusable   N/A       N/A         1
 Call Canine Familiar     Summ           Unusable   N/A       N/A         3
 Summon Guardian Golem    Hex/Summ       Unusable   N/A       N/A         3
 Summon Ice Beast         Ice/Summ       Unusable   N/A       N/A         4
 Summon Lightning Spire   Summ/Air       Unusable   N/A       N/A         4
 Summon Mana Viper        Hex/Summ       Unusable   N/A       N/A         5
 Monstrous Menagerie      Summ           Unusable   N/A       N/A         7

Dungeon Overview and Level Annotations

Branches:
Dungeon (12/15)            Temple (1/1) D:6            Lair (3/6) D:9
  Snake (0/4) Lair:2          Orc (2/2) D:9             Elf (0/3) Orc:2
  Swamp: Lair:2-4    Shoals: Lair:2-4

Altars:
Ashenzari
Cheibriados
Dithmenos
Elyvilon
Fedhas
Gozag
Hepliaklqana
Kikubaaqudgha
Makhleb
Nemelex Xobeh
Okawaru
Qazlal
Ru
Sif Muna
Trog
Uskayaw
Vehumet
Wu Jian
Xom
Yredelemnul
Zin
The Shining One
Lugonu

Portals:
Abyss: Lair:1

Annotations:
Orc:2 Rupert


Innate Abilities, Weirdness & Mutations

You have a pair of horns on your head.
You reflexively headbutt those who attack you in melee.
You are dopey. (Int -2)
You are somewhat resistant to further mutation.


Message History

Rupert shouts!
You hear a shout!
Rupert is nearby!
Rupert yells loudly at you.
You suddenly lose the ability to move!
Rupert roars madly and goes into a rage!
Rupert goes berserk!
Rupert hits you with a +1 triple sword of electrocution!!!
You can move again.
Unknown command.
You gain the combat prowess of a mighty hero.
You block Rupert's attack.
You feel very mighty all of a sudden. Rupert misses you.
Rupert closely misses you.
You closely miss Rupert.
Rupert hits you with a +1 triple sword of electrocution!!
You slice Rupert!!
Rupert is lightly wounded.
Rupert barely misses you. You furiously retaliate!
You headbutt Rupert! You hit Rupert.
Rupert is lightly wounded.
You block Rupert's attack.
You hit Rupert. Your headbutt misses Rupert.
Rupert is moderately wounded.
Rupert hits you with a +1 triple sword of electrocution.
You barely miss Rupert. You headbutt Rupert!
Rupert is moderately wounded.
Rupert closely misses you.
You barely miss Rupert.
Rupert is moderately wounded.
Rupert hits you but does no damage.
You are electrocuted!
Rupert hits you with a +1 triple sword of electrocution!
* * * LOW HITPOINT WARNING * * *
You barely miss Rupert.
Rupert is moderately wounded.
Rupert hits you but does no damage.
You are electrocuted!
* * * LOW HITPOINT WARNING * * *
You slash Rupert! You headbutt Rupert!
Rupert is heavily wounded.
Rupert hits you with a +1 triple sword of electrocution!!!
You die...

#...... .....# .......
....$# #.....@ ....#
#..... ...# ### #.$.. ..#
#### ##.###
##.^.##.#######..## #....#
#......##.#.#.##..####....
#............#.....####...
##......@@.........).#....
##.##....##....).))..#...
## ##.#............##...
###.....#.#....#....
#.#.....###....#...#
##......###........##
#........#.........#
##.......##.#........
##.....###..........


You could see Rupert (berserk).

Vanquished Creatures
  Harold (D:8)
  2 hydras (Lair:1)
  A centaur warrior (D:9)
  2 two-headed ogres
  Nergalle (Lair:3)
  6 cane toads
  A gargoyle (D:7)
  2 kobold demonologists (D:11)
  5 trolls
  A komodo dragon (Lair:2)
  2 hornets
  2 polar bears (Lair:3)
  Prince Ribbit (D:5)
  4 blink frogs
  Sigmund (D:4)
  5 wraiths
  21 yaks
  3 steam dragons
  4 basilisks
  4 water moccasins
  An acid dragon (D:8)
  Duvessa (D:6)
  10 orc warriors
  2 sky beasts (D:7)
  A black bear (D:6)
  An ice beast (D:8)
  9 ogres
  15 centaurs
  4 wolves (Lair:2)
  A phantom (D:5)
  3 kobold brigands
  12 bullfrogs
  3 scorpions
  A water moccasin zombie (D:5)
  2 gnoll sergeants
  Dowan (D:6)
  2 howler monkeys (D:9)
  5 centaur zombies
  A bullfrog skeleton (D:6)
  5 orc priests
  5 gnoll shamans
  2 hounds (D:4)
  Jessica (D:3)
  7 orc wizards
  2 iguanas (D:5)
  2 killer bee zombies
  A hound skeleton (D:4)
  A howler monkey zombie (D:10)
  22 gnolls
  A howler monkey skeleton (D:6)
  5 adders
  A shadow imp (D:5)
  An ufetubus (D:6)
  An adder skeleton (D:4)
  2 dart slugs
  49 orcs
  10 ball pythons
  4 bats
  7 endoplasms
  4 giant cockroaches
  5 goblins
  5 hobgoblins
  15 kobolds
  7 quokkas
  5 frilled lizards (D:1)
  3 rats
  A lurking horror (Lair:1)
318 creatures vanquished.

Vanquished Creatures (others)
  An unseen horror (D:11)
  An orc (D:10)
  8 fungi
  17 plants
27 creatures vanquished.

Grand Total: 345 creatures vanquished

Notes
Turn   | Place    | Note
-------+----------+-------------------------------------------
     0 | D:1      | Peloso the Minotaur Fighter began the quest for the Orb.
     0 | D:1      | Reached XP level 1. HP: 19/19 MP: 0/0
   241 | D:1      | Reached XP level 2. HP: 27/27 MP: 1/1
   264 | D:1      | Found a faded altar of an unknown god.
   517 | D:1      | Gained mutation: You are somewhat resistant to further
                  | mutation. [potion of mutation]
   517 | D:1      | Gained mutation: You are dopey. (Int -2) [potion of
                  | mutation]
  1163 | D:2      | Reached XP level 3. HP: 27/33 MP: 2/2
  1467 | D:2      | Reached skill level 3 in Long Blades
  2171 | D:3      | Reached XP level 4. HP: 29/41 MP: 3/3
  2182 | D:3      | Reached skill level 5 in Armour
  2540 | D:3      | Noticed Jessica
  2548 | D:3      | Killed Jessica
  2631 | D:3      | Reached XP level 5. HP: 47/47 MP: 4/4
  2948 | D:4      | Found an ornate altar of the Wu Jian Council.
  2951 | D:4      | Found a blossoming altar of Fedhas.
  2955 | D:4      | Found a snail-covered altar of Cheibriados.
  2955 | D:4      | Found a shimmering altar of Xom.
  2962 | D:4      | Reached skill level 4 in Long Blades
  2970 | D:4      | Found a white marble altar of Elyvilon.
  3093 | D:4      | Reached skill level 5 in Shields
  3093 | D:4      | Reached XP level 6. HP: 47/55 MP: 5/5
  3208 | D:4      | Noticed Sigmund
  3222 | D:4      | Killed Sigmund
  3223 | D:4      | Reached skill level 5 in Fighting
  3223 | D:4      | Reached skill level 5 in Long Blades
  3630 | D:5      | Entered Level 5 of the Dungeon
  3630 | D:5      | Noticed Prince Ribbit
  3644 | D:5      | Killed Prince Ribbit
  3645 | D:5      | Reached skill level 6 in Long Blades
  3645 | D:5      | Reached XP level 7. HP: 57/61 MP: 6/6
  3681 | D:5      | Reached skill level 1 in Dodging
  4710 | D:6      | Reached XP level 8. HP: 69/69 MP: 7/7
  4904 | D:6      | Reached skill level 7 in Long Blades
  5071 | D:6      | Noticed Dowan
  5084 | D:6      | Killed Dowan
  5118 | D:6      | Noticed Duvessa
  5126 | D:6      | Killed Duvessa
  5461 | D:6      | Reached skill level 8 in Long Blades
  5471 | D:6      | Reached XP level 9. HP: 47/75 MP: 8/8
  5580 | D:6      | Reached skill level 9 in Long Blades
  5772 | D:6      | Found a staircase to the Ecumenical Temple.
  6097 | Temple   | Entered the Ecumenical Temple
  6383 | Temple   | Became a worshipper of Warmaster Okawaru
  6532 | D:7      | Identified the +4 trident of Doom {vorpal, Drain rN+ Int+5
                  | Stlth+}
  6974 | D:7      | Noticed a gargoyle
  6984 | D:7      | Killed a gargoyle
  7286 | D:7      | Reached skill level 10 in Long Blades
  7390 | D:7      | Identified the +5 leather armour of the Orcish Mines {rF++
                  | Dex+5}
  7403 | D:7      | Reached * piety under Okawaru
  7607 | D:8      | Paralysed by a hornet for 3 turns
  7612 | D:8      | Reached skill level 1 in Invocations
  7663 | D:8      | Reached XP level 10. HP: 38/84 MP: 10/10
  7675 | D:8      | Noticed Harold
  7895 | D:8      | Killed Harold
  7896 | D:8      | Reached skill level 10 in Armour
  7971 | D:8      | Identified the +0 ring mail of Tulips {Str+6 Dex-5}
  8251 | D:8      | Reached skill level 11 in Long Blades
  8422 | D:9      | Noticed a centaur warrior
  8438 | D:9      | Killed a centaur warrior
  8438 | D:9      | Reached ** piety under Okawaru
  8622 | D:9      | Noticed a two-headed ogre
  8629 | D:9      | Killed a two-headed ogre
  8630 | D:9      | Reached skill level 1 in Stealth
  8710 | D:9      | Found a staircase to the Orcish Mines.
  8815 | D:9      | Found a staircase to the Lair.
  9303 | D:9      | Reached *** piety under Okawaru
  9403 | D:9      | Reached skill level 10 in Shields
  9628 | D:9      | Reached skill level 12 in Long Blades
  9634 | D:9      | Reached XP level 11. HP: 57/94 MP: 11/11
 10429 | D:9      | Reached **** piety under Okawaru
 11572 | D:10     | Entered Level 10 of the Dungeon
 13475 | D:11     | Reached ***** piety under Okawaru
 13915 | D:12     | Noticed a two-headed ogre
 13926 | D:12     | Killed a two-headed ogre
 13926 | D:12     | Received a gift from Okawaru
 13927 | D:12     | Reached skill level 13 in Long Blades
 14029 | D:12     | Noticed a five-headed hydra
 14059 | D:11     | Identified a scroll of acquirement
 14127 | Lair:1   | Entered Level 1 of the Lair of Beasts
 15018 | Lair:1   | Noticed a four-headed hydra
 15024 | Lair:1   | Killed a four-headed hydra
 15025 | Lair:1   | Reached XP level 12. HP: 52/106 MP: 12/12
 15233 | Lair:1   | Noticed a seven-headed hydra
 15242 | Lair:1   | Killed a seven-headed hydra
 15242 | Lair:1   | Received a gift from Okawaru
 15643 | Lair:1   | Found a corrupted altar of Lugonu.
 15852 | Lair:1   | Found a one-way gate to the infinite horrors of the Abyss.
 16352 | Lair:2   | Identified the +1 ring mail of Irrolax {Stlth+}
 16387 | Lair:2   | Found a staircase to the Snake Pit.
 16525 | Lair:2   | Reached skill level 1 in Evocations
 16760 | Lair:2   | Reached skill level 10 in Fighting
 17535 | Lair:2   | Reached skill level 14 in Long Blades
 19047 | Lair:3   | Noticed Nergalle
 19066 | Lair:3   | Killed Nergalle
 19670 | Orc:1    | Entered Level 1 of the Orcish Mines
 19785 | Orc:2    | Entered Level 2 of the Orcish Mines
 20180 | Orc:2    | Found a staircase to the Elven Halls.
 20311 | Orc:2    | Noticed Rupert
 20315 | Orc:2    | Paralysed by Rupert for 6 turns
 20330 | Orc:2    | Demolished by Rupert

Illustrated notes

Levels and vault maps discovered:
D:1:      matt_arrival_los_fun, layout_loops_corners,
          nicolae_ecumenical_snake_handling
D:2:      layout_basic, minmay_strange_pillars
D:3:      layout_basic, serial_curves, eino_curves_03, eino_curves_02,
          st_stairs_8, uniq_jessica
D:4:      minmay_door_path, layout_basic, nicolae_overflow_hallway_of_the_gods,
          uniq_sigmund
D:5:      layout_basic, uniq_prince_ribbit1
D:6:      layout_loops_cross, minmay_temple_entry_enclosed_plants, uniq_duvessa
D:7:      layout_rooms
D:8:      layout_basic, uniq_harold
D:9:      kennysheep_seaside_town, layout_stronghold, lair_entry_dummy,
          orc_0_dummy, kennysheep_generic_room_10
D:10:     layout_long_grid
D:11:     layout_roguey, nicolae_fountain_basement
D:12:     minmay_opposing_rooms, layout_basic
Temple:   minmay_temple_bridge_d
Lair:1:   layout_regular_city, amcnicky_altar_lugonu_corruption
Lair:2:   layout_roguey, serial_bayou_shore_a
Lair:3:   layout_layer_cave, grunt_megastairs_4, uniq_nergalle
Orc:1:    layout_caves
Orc:2:    st_orc_pillars, layout_diamond_mine, serial_shops, shop, basic_altar,
          uniq_rupert, uniq_jorgrun

Skill      XL: |  1  2  3  4  5  6  7  8  9 10 11 12 |
---------------+-------------------------------------+-----
Armour         | 4 5 6 7 8 9 10 12 13 | 13.1
Shields        | 4 5 6 7 8 10 11 12 | 12.9
Long Blades    | 3 4 6 8 10 12 13 14 | 14.3
Fighting       | 4 5 6 8 9 10 | 10.8
Dodging        | 1 2 3 4 |  4.4
Invocations    | 1 |  1.7
Stealth        | 1 |  1.6
Evocations     | 1 |  1.1

Action                   |  1- 3 |  4- 6 |  7- 9 | 10-12 || total
-------------------------+-------+-------+-------+-------++-------
Melee: Long sword        |    87 |    96 |   217 |   739 ||  1139
       Headbutt          |    10 |    13 |    41 |   172 ||   236
Invok: Heroism           |       |       |     1 |     9 ||    10
Evoke: Wand              |       |       |       |    16 ||    16
  Use: Potion            |     2 |       |     2 |     4 ||     8
       Scroll            |     1 |       |       |    14 ||    15
Armor: Scale mail        |    24 |       |       |       ||    24
       Chain mail        |    29 |    52 |    79 |   167 ||   327
       Plate armour      |       |       |       |   188 ||   188
Dodge: Dodged            |    36 |    33 |    75 |   321 ||   465
Block: Buckler           |    20 |    26 |   123 |   561 ||   730
       Reflection        |       |       |       |    23 ||    23
